 Dungeon Crawl Stone Soup version 0.26.1-2-gb8aa6d0cf2 (webtiles) character file.

Game seed: 18236516887091589156

691169 jlumianski the Slayer (level 27, 0/256 HPs)
             Began as a Palentonga Fighter on Mar 17, 2021.
             Was the Champion of Okawaru.
             Slain by the Royal Jelly (9 damage)
             ... on level 5 of the Pits of Slime on Mar 18, 2021.
             The game lasted 09:16:22 (80584 turns).

jlumianski the Slayer (Palentonga Fighter)         Turns: 80584, Time: 09:16:22

Health: 0/256      AC: 26    Str: 32      XL:     27
Magic:  5/11       EV: 12    Int: 16 (17) God:    Okawaru [******]
Gold:   5134       SH:  5    Dex:  9      Spells: 26/26 levels left

rFire    + + +     SeeInvis +   f - +2 broad axe (antimagic)
rCold    . . .     Faith    .   (no shield)
rNeg     . . .     Spirit   .   U - +8 chain mail of Mysmue {rF+ Int+5 Dex+3}
rPois    +         Reflect  +   v - +2 hat {Will+}
rElec    +         Harm     .   O - scarf {repulsion}
rCorr    +         Rampage  .   F - +5 pair of gloves "Houts" {Will+ Regen+ Str+3 Dex-3}
Will     ++++.     Rnd*Rage +   M - +4 barding of the Realm of Zot {*Drain rF+ Slay+5}
Stlth    ..........             t - amulet "Gerghiaq" {Reflect rElec rPois rC+ SH+5 Stlth-}
HPRegen  0.92/turn              G - ring of resist corrosion
MPRegen  0.12/turn              a - ring "Arirch" {Fire Int+5 Dex-4 Slay+3 SInv}

@: heroism, finesse, corroded, berserk cooldown, repel missiles, curled up
A: large, claws 2, rugged brown scales 3, see invisible, agile 1, berserk 1,
deformed body, deterioration 1, dopey 2, frail 1, low mp 1, poison resistance,
electricity resistance, roll 1, armoured tail, reflexive curl
}: 3/15 runes: decaying, silver, gossamer
a: Rolling Charge, Renounce Religion, Heroism, Finesse


You were on level 5 of the Pits of Slime.
You worshipped Okawaru.
Okawaru was exalted by your worship.
You visited 11 branches of the dungeon, and saw 55 of its levels.
You visited the Abyss 1 time.
You also visited: Desolation.

You collected 9694 gold pieces.
You spent 4560 gold pieces at shops.

Inventory:

Hand Weapons
 e - a +7 broad axe of electrocution
 f - a +2 antimagic broad axe (weapon)
 E - a +7 vampiric broad axe
 T - a +6 broad axe of flaming
Missiles
 i - 41 boomerangs
 k - 8 silver boomerangs (quivered)
 I - 31 silver javelins
 W - 4 throwing nets
Armour
 r - a +8 tower shield
 v - a +2 hat of willpower (worn)
 F - the +5 pair of gloves "Houts" (worn) {Will+ Regen+ Str+3 Dex-3}
   (Okawaru gifted it to you on level 2 of the Realm of Zot)

   It affects your strength (+3).
   It affects your dexterity (-3).
   It affects your willpower, your defense against some magical effects.
   It increases your rate of regeneration.
 M - the +4 barding of the Realm of Zot (worn) {*Drain rF+ Slay+5}
   (You acquired it on level 2 of the Realm of Zot)

   It affects your accuracy and damage with ranged weapons and melee attacks
   (+5).
   It protects you from fire.
   It causes draining when unequipped.
 O - a scarf of repulsion (worn)
 U - the +8 chain mail of Mysmue (worn) {rF+ Int+5 Dex+3}
   (Okawaru gifted it to you on level 10 of the Dungeon)

   It affects your intelligence (+5).
   It affects your dexterity (+3).
   It protects you from fire.
Jewellery
 a - the ring "Arirch" (right hand) {Fire Int+5 Dex-4 Slay+3 SInv}
   (You acquired it on level 10 of the Dungeon)

   [ring of fire]

   It enhances your fire magic.
   It affects your intelligence (+5).
   It affects your dexterity (-4).
   It affects your accuracy and damage with ranged weapons and melee attacks
   (+3).
   It protects you from fire.
   It makes you vulnerable to cold.
   It lets you see invisible.
 t - the amulet "Gerghiaq" (around neck) {Reflect rElec rPois rC+ SH+5 Stlth-}
   (You found it on level 1 of the Swamp)

   [amulet of reflection]

   It shields you and reflects attacks.
   It protects you from cold.
   It insulates you from electricity.
   It protects you from poison.
   It affects your SH (+5).
   It makes you less stealthy.
 A - an uncursed ring of protection from cold
 G - a ring of resist corrosion (left hand)
 S - a +4 ring of slaying
 V - an uncursed ring of flight
Wands
 b - a wand of digging (20)
 C - a wand of iceblast (91)
 P - a wand of disintegration (14)
Scrolls
 j - 5 scrolls of immolation
 m - 4 scrolls of blinking
 n - 12 scrolls of identify
 q - 6 scrolls of magic mapping
 x - 14 scrolls of remove curse
 y - 13 scrolls of teleportation
 D - 10 scrolls of fear
 N - 4 scrolls of silence
 Q - 6 scrolls of fog
Potions
 c - a potion of attraction
 d - 6 potions of might
 g - 28 potions of curing
 l - a potion of berserk rage
 o - a potion of invisibility
 p - 3 potions of heal wounds
 w - 8 potions of ambrosia
 B - a potion of resistance
 H - 4 potions of cancellation
 Y - 6 potions of haste
Miscellaneous
 h - a phial of floods
 J - a condenser vane
 K - a tin of tremorstones (2/2)


   Skills:
 + Level 24.8(27) Fighting
 - Level 19.3(25.0) Axes
 + Level 9.9(20.7) Maces & Flails
 + Level 3.6(8.6) Throwing
 + Level 15.5(20.5) Armour
 + Level 10.4(15.4) Dodging
 + Level 3.4(8.4) Stealth
 - Level 15.0(20.0) Shields
 + Level 2.5(7.5) Unarmed Combat
 * Level 22.1 Invocations
 * Level 20.5 Evocations


You had 26 spell levels left.
You didn't know any spells.
Your spell library contained the following spells:

 Spells                   Type           Power        Failure   Level
 Animate Skeleton         Necr           0%           52%         1
 Apportation              Tloc           0%           52%         1
 Beastly Appendage        Tmut           0%           52%         1
 Corona                   Hex            0%           52%         1
 Foxfire                  Conj/Fire      0%           52%         1
 Magic Dart               Conj           0%           52%         1
 Pain                     Necr           0%           52%         1
 Shock                    Conj/Air       0%           52%         1
 Summon Small Mammal      Summ           0%           52%         1
 Blink                    Tloc           N/A          67%         2
 Call Imp                 Summ           0%           67%         2
 Corpse Rot               Necr/Air       N/A          67%         2
 Ensorcelled Hibernation  Hex/Ice        0%           67%         2
 Passwall                 Tmut/Erth      0%           67%         2
 Poisonous Vapours        Pois/Air       0%           67%         2
 Searing Ray              Conj           0%           67%         2
 Slow                     Hex            0%           67%         2
 Sublimation of Blood     Necr           0%           67%         2
 Swiftness                Air            0%           67%         2
 Wereblood                Tmut           0%           67%         2
 Call Canine Familiar     Summ           0%           88%         3
 Confusing Touch          Hex            0%           88%         3
 Conjure Flame            Conj/Fire      0%           88%         3
 Dazzling Flash           Conj/Hex       0%           88%         3
 Gell's Gravitas          Tloc           0%           88%         3
 Ignite Poison            Fire/Tmut/Pois 0%           88%         3
 Inner Flame              Hex/Fire       0%           88%         3
 Mephitic Cloud           Conj/Pois/Air  0%           88%         3
 Portal Projectile        Hex/Tloc       0%           88%         3
 Spider Form              Tmut/Pois      0%           88%         3
 Static Discharge         Conj/Air       0%           88%         3
 Stone Arrow              Conj/Erth      0%           88%         3
 Summon Guardian Golem    Hex/Summ       0%           88%         3
 Vampiric Draining        Necr           0%           88%         3
 Airstrike                Air            0%           99%         4
 Animate Dead             Necr           0%           99%         4
 Cause Fear               Hex            0%           99%         4
 Fulminant Prism          Conj/Hex       0%           99%         4
 Ice Form                 Ice/Tmut       0%           99%         4
 Iskenderun's Mystic Bla  Conj/Tloc      0%           99%         4
 Leda's Liquefaction      Hex/Erth       0%           99%         4
 Passage of Golubria      Tloc           N/A          99%         4
 Petrify                  Tmut/Erth      0%           99%         4
 Summon Ice Beast         Ice/Summ       0%           99%         4
 Summon Lightning Spire   Summ/Air       0%           99%         4
 Agony                    Necr           0%           100%        5
 Alistair's Intoxication  Tmut/Pois      0%           100%        5
 Blade Hands              Tmut           0%           100%        5
 Bolt of Magma            Conj/Fire/Erth 0%           100%        5
 Fireball                 Conj/Fire      0%           100%        5
 Irradiate                Conj/Tmut      0%           100%        5
 Iskenderun's Battlesphe  Conj           0%           100%        5
 Lightning Bolt           Conj/Air       0%           100%        5
 Metabolic Englaciation   Hex/Ice        0%           100%        5
 Summon Demon             Summ           0%           100%        5
 Summon Forest            Summ/Tloc      0%           100%        5
 Summon Mana Viper        Hex/Summ       0%           100%        5
 Yara's Violent Unravell  Hex/Tmut       0%           100%        5
 Dispersal                Tloc           0%           100%        6
 Eringya's Noxious Bog    Tmut/Pois      0%           100%        6
 Freezing Cloud           Conj/Ice/Air   0%           100%        6
 Hydra Form               Tmut           0%           100%        6
 Iron Shot                Conj/Erth      0%           100%        6
 Shadow Creatures         Summ           N/A          100%        6
 Starburst                Conj/Fire      0%           100%        6
 Statue Form              Tmut/Erth      0%           100%        6
 Dragon Form              Tmut           0%           100%        7
 Orb of Destruction       Conj           0%           100%        7
 Spellforged Servitor     Conj/Summ      0%           100%        7
 Summon Hydra             Summ           0%           100%        7
 Ignition                 Fire           0%           100%        8
 Dragon's Call            Summ           0%           100%        9
 Shatter                  Erth           0%           100%        9


Dungeon Overview and Level Annotations

Branches:
Dungeon (15/15)            Temple (0/1) D:6            Lair (6/6) D:10
  Swamp (4/4) Lair:4       Spider (4/4) Lair:2        Slime (5/5) Lair:5
    Orc (2/2) D:10            Elf (3/3) Orc:2        Vaults (5/5) D:14
  Crypt (1/3) Vaults:3     Depths (5/5) D:15            Zot (5/5) Depths:5
Desolation (visited)

Altars:
Ashenzari
Dithmenos
Fedhas
Gozag
Kikubaaqudgha
Makhleb
Okawaru
Qazlal
Ru
Sif Muna
Trog
Uskayaw
Vehumet
Wu Jian
Xom
Zin
The Shining One
Beogh
Lugonu

Shops:
D:10 (   Orc:1 =   Orc:2 ??}(   Elf:3 !   Vaults:1 ?   Depths:3 *[!

Portals:
Hell: Depths:1 Depths:2 Depths:3 Depths:4 Depths:5
Abyss: Elf:1 Zot:1 Depths:4
Pandemonium: Depths:3 Depths:4
Ziggurat: Depths:2

Annotations:
Slime:5 Royal Jelly
Elf:1 6 runed translucent doors


Innate Abilities, Weirdness & Mutations

You are completely covered in rugged brown scales. (AC +3, +7% HP)
You have supernaturally acute eyesight. (SInv)
Armour fits poorly on your strangely shaped body.
You can roll at nearby foes to attack.
You have a long armoured tail.
You curl defensively after being hit.
You have very sharp fingernails.
You are agile. (Dex +2)
You tend to lose your temper in combat.
Your body sometimes deteriorates upon taking damage.
You are very dopey. (Int -4)
You are frail. (-10% HP)
Your magical capacity is low. (-10% MP)
Your system is resistant to poisons. (rPois)
You are resistant to electric shocks. (rElec)


Message History

You resist.
The Royal Jelly hits you but does no damage.
You feel yourself speed up.
The Royal Jelly hits you but does no damage.
The Royal Jelly hits you!
* * * LOW HITPOINT WARNING * * *
The acid corrodes you!
You are splashed with acid.
You resist.
* * * LOW HITPOINT WARNING * * *
The Royal Jelly hits you!!
* * * LOW HITPOINT WARNING * * *
You are splashed with acid.
You resist.
* * * LOW HITPOINT WARNING * * *
The Royal Jelly barely misses you.
There is a stone staircase leading up here.
The Royal Jelly hits you!!
* * * LOW HITPOINT WARNING * * *
You are splashed with acid.
You resist.
* * * LOW HITPOINT WARNING * * *
The Royal Jelly hits you!
You die...

,**,,**,*##................#.*
****,*#*##..................#*
,***,,#.#....................**
,,,,,,...................###.,*
,,,,,.....................#****
,,,,,....................##
,,,,,...................##
,,,,,...........J....#..#
,,,,,...........@..######
,,,,,..............#
,,,,,.............##
,,,,,..............#
,,,,,............###
,,,,,............#
,,,,,...........##
,,,,,#...#....###
,,*,*##########


You could see the Royal Jelly.

Vanquished Creatures
  8 orbs of fire (Zot:5)
  6 ancient liches
  Mara (Vaults:2)
  2 juggernauts
  Sojobo (Depths:1)
  Boris (Vaults:5)
  Margery (Vaults:5)
  Saint Roka (Orc:2)
  A caustic shrike (Depths:4)
  A Killer Klown (Zot:5)
  5 curse toes
  14 golden dragons
  the Enchantress (Depths:2)
  Jory (Vaults:3)
  Nikola (Spider:3)
  2 electric golems (Zot:5)
  The ghost of foobar1000 the Acrobat, a veteran SpHu of Okawaru (Vaults:2)
  Jorgrun (Orc:1)
  3 deep elf blademasters
  A Hell Sentinel (Abyss:2)
  25 tentacled monstrosities
  25 Orb Guardians (Zot:5)
  A lich (Vaults:2)
  3 deep elf master archers (Elf:3)
  5 titans
  7 quicksilver dragons
  5 sphinxes
  An Executioner (Abyss:2)
  7 acid blobs
  14 death cobs
  Frances (Spider:1)
  Donald (Spider:2)
  7 tengu reavers
  15 storm dragons
  12 shadow dragons
  A thorn hunter (Depths:2)
  5 draconian monks
  A revenant (Abyss:2)
  Roxanne (Swamp:2)
  2 azure jellies
  14 fire giants
  4 draconian scorchers
  11 deep elf sorcerers
  7 ghost moths
  6 emperor scorpions
  6 iron dragons
  7 frost giants
  16 vault wardens
  A balrug (Abyss:2)
  3 cacodemons (Zot:2)
  5 draconian knights
  3 imperial myrmidons (Desolation)
  Aizul (Swamp:1)
  A reaper (Depths:3)
  3 curse skulls
  A ghoul (Vaults:2)
  2 draconian shifters (Zot:1)
  4 deep elf elementalists (Elf:3)
  3 orc warlords
  4 draconian stormcallers
  24 very ugly things
  21 ironheart preservers
  8 spriggan defenders
  A war gargoyle (Vaults:4)
  7 draconian annihilators
  19 stone giants
  5 vampire knights
  The ghost of Vufrucs the Grappler, a journeyman DrTm of Wu Jian (Lair:4)
  4 deep elf demonologists
  7 deep elf annihilators (Elf:3)
  6 entropy weavers
  12 white draconians
  7 red draconians
  An entropy weaver (shapeshifter) (Vaults:5)
  6 yellow draconians
  Azrael (Orc:1)
  3 bunyips
  17 green draconians
  2 halazid warlocks (Desolation)
  14 black draconians
  A dire elephant (Depths:2)
  10 purple draconians
  3 spark wasps (Depths:5)
  Snorg (D:12)
  5 deep elf death magi
  A crystal guardian (Desolation)
  17 ettins
  15 fire dragons
  Josephine (D:12)
  14 yaktaur captains
  4 shambling mangroves
  Fannar (D:10)
  4 great orbs of eyes
  9 servants of whispers (Desolation)
  9 ragged hierophants
  10 deep elf high priests
  A hell beast (Depths:1)
  25 hydras
  15 ice dragons
  Harold (D:11)
  Erolcha (Orc:1)
  6 peacekeepers (Desolation)
  11 rakshasas
  5 boulder beetles
  9 spriggan air magi
  12 centaur warriors
  A spectral shadow dragon (Vaults:2)
  32 vault guards
  4 ghost crabs
  A spectral frost giant (Vaults:2)
  13 ogre magi
  20 dancing weapons
  8 alligators
  An anaconda (shapeshifter) (Vaults:3)
  3 death knights
  A queen ant (Spider:2)
  4 vampire magi
  An alligator (shapeshifter) (Vaults:4)
  43 two-headed ogres
  A spectral human (Vaults:2)
  8 deep troll earth magi
  3 deep troll shamans
  2 orc high priests
  8 small abominations
  2 thrashing horrors (Abyss:2)
  Urug (D:11)
  3 death yaks (Lair:5)
  A hell hog (Abyss:2)
  A soul eater (Depths:1)
  8 tengu warriors
  17 hell knights
  2 shadow wraiths
  37 deep elf knights
  7 spriggan berserkers
  A sun demon (Abyss:2)
  4 skeletal warriors (D:14)
  4 large abominations
  A fire crab (shapeshifter) (Vaults:5)
  4 goliath frogs
  5 iron trolls (Depths:3)
  2 spectral yaktaurs (Vaults:2)
  A goliath frog (shapeshifter) (D:15)
  An infernal demonspawn (Depths:3)
  5 spriggan druids
  A sea snake (shapeshifter) (D:15)
  31 deep trolls
  15 swamp dragons
  3 glowing orange brains
  6 wizards
  5 phantasmal warriors
  A tengu zombie (Vaults:2)
  6 necromancers
  A wolf spider zombie (D:15)
  An orb spider (shapeshifter) (Vaults:4)
  4 bog bodies
  Pikel (D:4)
  16 deep elf archers
  12 ironbrand convokers
  10 orc knights
  6 harpies
  13 orc sorcerers
  2 mana vipers (shapeshifter)
  21 ugly things
  15 orb spiders
  31 moths of wrath
  27 wolf spiders
  4 cyclopes
  2 manticores
  A salamander (Depths:1)
  10 shining eyes
  A worldbinder (Abyss:2)
  A sphinx skeleton (Vaults:1)
  61 deep elf magi
  4 elephants
  5 rust devils (Depths:1)
  3 will-o-the-wisps
  2 black mambas
  3 centaur zombies
  Maurice (Orc:1)
  6 human skeletons
  A guardian serpent (Desolation)
  7 vault sentinels
  An eye of devastation (Slime:2)
  2 molten gargoyles (Desolation)
  A black mamba (shapeshifter) (Elf:3)
  An apocalypse crab (Abyss:2)
  An orange demon (Abyss:2)
  2 smoke demons (Abyss:2)
  Psyche (D:12)
  28 cane toads
  3 gargoyles
  2 torpor snails
  3 centaur skeletons
  A cane toad (shapeshifter) (Vaults:4)
  14 komodo dragons
  61 yaktaurs
  3 rime drakes
  An efreet (D:13)
  An ancient zyme (Abyss:2)
  6 demonic crawlers
  6 freezing wraiths
  A kobold demonologist (D:12)
  2 spectral glowing shapeshifters (Vaults:2)
  2 tengu conjurers
  2 jumping spiders (shapeshifter) (Vaults:5)
  A yaktaur skeleton (Vaults:2)
  3 polar bears
  A queen bee (shapeshifter) (Elf:2)
  A hornet (shapeshifter) (Vaults:1)
  A merfolk (shapeshifter) (Depths:5)
  11 tyrant leeches
  A tyrant leech (shapeshifter) (Depths:2)
  32 jumping spiders
  9 trolls
  A tengu simulacrum (Vaults:2)
  60 saltlings
  28 hornets
  18 dream sheep
  A slime creature (shapeshifter) (Vaults:5)
  35 blink frogs
  A snapping turtle (shapeshifter) (Depths:4)
  A fire giant simulacrum (Vaults:2)
  63 slime creatures
  A wind drake (shapeshifter) (Vaults:4)
  2 raiju (Abyss:2)
  A centaur simulacrum (D:14)
  A spectral elf (Vaults:2)
  83 redbacks
  8 water elementals
  2 yaks (shapeshifter)
  A ynoxinul (Abyss:2)
  A meliai zombie (D:14)
  14 spriggans
  A shadow (D:10)
  31 tarantellas
  2 air elementals
  3 vampires
  50 yaks
  9 wyverns
  9 wraiths
  4 fire elementals
  3 humans (Depths:3)
  2 chaos spawn (Depths:3)
  6 golden eyes (Slime:1)
  4 basilisks
  2 steam dragons
  A yaktaur simulacrum (Depths:1)
  Edmund (D:5)
  Menkaure (D:5)
  8 vampire mosquitoes
  17 swamp worms
  A warg (shapeshifter) (Vaults:3)
  24 soldier ants
  A soldier ant (shapeshifter) (Vaults:4)
  8 wargs
  5 hell hounds
  3 acid dragons
  42 water moccasins
  2 floating eyes
  2 sky beasts
  9 swamp drakes (Swamp:4)
  3 black bears (shapeshifter)
  4 ice beasts
  27 orc warriors
  4 phantoms
  A necrophage (D:6)
  5 black bears
  25 wolves
  3 eyes of draining
  13 boggarts
  37 ogres
  18 centaurs
  5 lemures
  An elf skeleton (Vaults:2)
  2 big kobolds
  36 bullfrogs
  A wyvern zombie (D:14)
  4 earth elementals
  A human simulacrum (Vaults:2)
  4 scorpions
  A troll zombie (D:10)
  6 killer bees (D:11)
  A vampire bat (D:3)
  17 wights
  7 howler monkeys
  10 electric eels
  2 jellies
  2 starcursed masses (Abyss:2)
  4 quasits
  3 bullfrog zombies
  15 orc priests
  A bullfrog skeleton (D:6)
  7 hounds
  38 orc wizards
  Ijyb (D:5)
  6 iguanas
  22 worker ants
  6 ogre zombies
  2 spectral hounds (Depths:3)
  A hound zombie (D:8)
  2 hound skeletons
  2 worker ant zombies
  A howler monkey zombie (D:11)
  7 gnolls
  28 adders
  2 shadow imps
  4 white imps
  4 ufetubi
  2 oozes
  2 adder skeletons
  4 worms
  5 dart slugs
  3 fire bats (D:3)
  5 leopard geckos
  108 orcs
  A spectral bat (D:3)
  A ball python (D:2)
  2 bat skeletons (D:3)
  A bat zombie (D:3)
  6 giant cockroaches
  11 hobgoblins
  7 jackals
  33 kobolds
  4 quokkas
  22 bats
  A bat simulacrum (D:3)
  3 frilled lizards
  A giant cockroach zombie (D:5)
  10 goblins
  A goblin zombie (D:10)
  2 hobgoblin zombies (D:10)
  2 leopard gecko skeletons (D:4)
  5 orc skeletons (D:10)
  11 orc zombies (D:10)
  8 rats
  A bush (Lair:6)
  A crawling corpse (Elf:1)
  2 lurking horrors
2691 creatures vanquished.

Vanquished Creatures (others)
  A titan (Vaults:5)
  A fire giant (Depths:2)
  A red draconian (Zot:3)
  A black draconian (Zot:5)
  A deep elf high priest (Elf:1)
  A peacekeeper (Desolation)
  An alligator (Swamp:4)
  A moth of wrath (Zot:2)
  A demonic crawler (Spider:3)
  A bloated husk (Swamp:1)
  A saltling (Desolation)
  A redback (Spider:4)
  A neqoxec (Abyss:2)
  A boggart (Vaults:3)
  An iron imp (Abyss:2)
  An orc (Orc:2)
  A spectral bat (D:3)
  A bat skeleton (D:3)
  5 foxfires
  57 fungi
  119 plants
199 creatures vanquished.

Grand Total: 2890 creatures vanquished

Notes
Turn   | Place    | Note
-------+----------+-------------------------------------------
     0 | D:1      | jlumianski the Palentonga Fighter began the quest for the
                  | Orb.
     0 | D:1      | Reached XP level 1. HP: 20/20 MP: 1/1
   110 | D:2      | Reached XP level 2. HP: 15/27 MP: 2/2
   424 | D:1      | You fall into a shaft and drop 1 floor!
   499 | D:1      | Reached XP level 3. HP: 26/33 MP: 3/3
  1091 | D:3      | Reached XP level 4. HP: 40/40 MP: 4/4
  1792 | D:3      | Found a faded altar of an unknown god.
  1847 | D:2      | You fall into a shaft and drop 2 floors!
  1848 | D:4      | Found an iron altar of Okawaru.
  1855 | D:4      | Became a worshipper of Warmaster Okawaru
  1924 | D:3      | Found a burning altar of Makhleb.
  1934 | D:3      | Reached XP level 5. HP: 42/48 MP: 5/5
  2356 | D:3      | Reached * piety under Okawaru
  2384 | D:3      | Reached XP level 6. HP: 55/55 MP: 6/6
  2583 | D:3      | Found a shadowy altar of Dithmenos.
  2755 | D:3      | Reached skill level 4 in Fighting
  2887 | D:5      | Entered Level 5 of the Dungeon
  3022 | D:4      | Reached skill level 5 in Axes
  3022 | D:4      | Gained mutation: You curl defensively after being hit.
                  | [Palentonga growth]
  3022 | D:4      | Reached XP level 7. HP: 34/63 MP: 7/7
  3201 | D:5      | Noticed Menkaure
  3524 | D:5      | Noticed Edmund
  3539 | D:4      | Reached ** piety under Okawaru
  3550 | D:4      | Found a shimmering altar of Xom.
  3550 | D:4      | Found a glowing silver altar of Zin.
  3550 | D:4      | Noticed an angel
  3937 | D:5      | Noticed Pikel
  4378 | D:4      | Paralysed by Pikel for 2 turns
  4382 | D:4      | Killed Pikel
  4383 | D:4      | Reached XP level 8. HP: 49/71 MP: 8/8
  4548 | D:5      | Killed Edmund
  4548 | D:5      | Reached *** piety under Okawaru
  4746 | D:5      | Killed Menkaure
  4747 | D:5      | Reached skill level 5 in Armour
  5278 | D:5      | Found an ornate altar of the Wu Jian Council.
  5335 | D:5      | Got a crystal quarterstaff
  5342 | D:5      | Noticed Ijyb
  5349 | D:5      | Killed Ijyb
  5646 | D:5      | Reached skill level 5 in Shields
  5690 | D:6      | Received a gift from Okawaru
  5911 | D:6      | Reached XP level 9. HP: 78/78 MP: 9/9
  6051 | D:6      | Reached skill level 5 in Fighting
  6306 | D:7      | Found a shimmering blue altar of Sif Muna.
  6523 | D:6      | Found a bloodstained altar of Trog.
  6635 | D:6      | Found a staircase to the Ecumenical Temple.
  6816 | D:7      | Found a radiant altar of Vehumet.
  7199 | D:7      | Found a sacrificial altar of Ru.
  7199 | D:7      | Found a glowing golden altar of the Shining One.
  7399 | D:7      | Reached **** piety under Okawaru
  7463 | D:7      | Found a blossoming altar of Fedhas.
  8318 | D:9      | Reached skill level 1 in Dodging
  8351 | D:9      | Reached XP level 10. HP: 72/88 MP: 10/10
  8509 | D:9      | Found a stormy altar of Qazlal.
  8515 | D:9      | Found a hide-covered altar of Uskayaw.
  8533 | D:9      | Found an opulent altar of Gozag.
  8545 | D:9      | Found a broken altar of Ashenzari.
  8716 | D:9      | You fall into a shaft and drop 1 floor!
  8716 | D:10     | Entered Level 10 of the Dungeon
  8746 | D:10     | Reached ***** piety under Okawaru
  8747 | D:10     | Reached skill level 6 in Fighting
  8871 | D:10     | Received a gift from Okawaru
  8908 | D:10     | Identified the +8 chain mail of Mysmue {rF+ Int+5 Dex+3}
                  | (Okawaru gifted it to you on level 10 of the Dungeon)
  9168 | D:10     | Reached skill level 10 in Axes
  9181 | D:10     | Identified the +5 plate armour of Gimoafem {MP-9 Int+2
                  | Slay+3 SInv} (You found it on level 10 of the Dungeon)
  9204 | D:10     | Found a staircase to the Orcish Mines.
  9404 | D:10     | Found Illagg's Weapon Shoppe.
  9527 | D:10     | Reached skill level 1 in Invocations
  9550 | D:10     | Reached skill level 7 in Fighting
  9585 | D:11     | Noticed Harold
  9599 | D:11     | Killed Harold
  9739 | D:10     | Noticed Fannar
  9760 | D:10     | Killed Fannar
  9761 | D:10     | Reached XP level 11. HP: 56/98 MP: 10/13
 10093 | D:10     | Found a staircase to the Lair.
 10107 | D:10     | Noticed a two-headed ogre
 10124 | D:10     | Killed a two-headed ogre
 10327 | D:10     | Noticed a two-headed ogre
 10338 | D:10     | Killed a two-headed ogre
 10601 | D:11     | Noticed Urug
 10617 | D:11     | Killed Urug
 10863 | D:11     | Received a gift from Okawaru
 11339 | D:12     | Noticed a boulder beetle
 11409 | D:11     | Killed a boulder beetle
 11409 | D:11     | Received a gift from Okawaru
 11412 | D:11     | Got a masterwork hand axe {god gift}
 11413 | D:11     | Identified the +4 hand axe of the Desolation of Salt
                  | {vorpal, *Contam +Rage +Fly rElec} (Okawaru gifted it to
                  | you on level 11 of the Dungeon)
 11465 | D:11     | Reached skill level 5 in Invocations
 11636 | D:12     | Noticed Snorg
 11658 | D:11     | Noticed a two-headed ogre
 11673 | D:11     | Killed a two-headed ogre
 11674 | D:11     | Reached skill level 8 in Fighting
 11674 | D:11     | Reached skill level 1 in Evocations
 12343 | D:12     | Received a gift from Okawaru
 12346 | D:12     | Got an encrusted scale mail {god gift}
 12347 | D:12     | Identified the +2 scale mail "Lifu" {rF- Int+7} (Okawaru
                  | gifted it to you on level 12 of the Dungeon)
 12386 | D:12     | Noticed Psyche
 12562 | D:12     | Killed Psyche
 12563 | D:12     | Reached XP level 12. HP: 108/108 MP: 16/16
 12573 | D:12     | Killed Snorg
 12801 | D:12     | Noticed Josephine
 12816 | D:12     | Killed Josephine
 12837 | D:12     | Reached skill level 1 in Unarmed Combat
 13001 | D:12     | Reached skill level 1 in Stealth
 13621 | D:12     | Noticed an eight-headed hydra
 13632 | D:12     | Killed an eight-headed hydra
 13644 | D:12     | Gained mutation: You are strong-willed. (Will+) [mutagenic
                  | glow]
 13905 | D:14     | Reached skill level 1 in Maces & Flails
 14367 | D:13     | Noticed a boulder beetle
 14421 | D:13     | Killed a boulder beetle
 14768 | D:15     | Entered Level 15 of the Dungeon
 14779 | D:15     | Noticed a two-headed ogre
 14800 | D:15     | Noticed an ogre mage
 14801 | D:15     | Killed a two-headed ogre
 14817 | D:15     | Killed an ogre mage
 14817 | D:15     | Reached ****** piety under Okawaru
 15109 | D:14     | Reached XP level 13. HP: 74/117 MP: 18/18
 15159 | D:14     | Received a gift from Okawaru
 15163 | D:14     | Got a steaming demon whip {god gift}
 15164 | D:14     | Identified the +4 demon whip of Kacweirino {venom, Dex+4
                  | Stlth+} (Okawaru gifted it to you on level 14 of the
                  | Dungeon)
 15193 | D:14     | Reached skill level 9 in Fighting
 15196 | D:14     | Noticed an ironheart preserver
 15354 | D:13     | Killed an ironheart preserver
 15452 | D:14     | Found a gate to the Vaults.
 15508 | D:14     | You fall into a shaft and drop 1 floor!
 15508 | D:15     | Noticed an ettin
 15730 | Lair:1   | Entered Level 1 of the Lair of Beasts
 15829 | Lair:2   | Found a hole to the Spider Nest.
 16093 | Lair:1   | Received a gift from Okawaru
 16112 | Lair:1   | Gained mutation: You are weak. (Str -2) [mutagenic glow]
 16428 | Lair:1   | Reached skill level 5 in Evocations
 17689 | Lair:3   | Received a gift from Okawaru
 17819 | Lair:3   | Reached skill level 5 in Maces & Flails
 18198 | Lair:3   | Reached XP level 14. HP: 125/126 MP: 20/20
 19258 | Lair:4   | Found a runed translucent door.
 19259 | Lair:4   | Noticed Vufrucs's ghost (journeyman DrTm)
 19302 | Lair:4   | Killed Vufrucs's ghost
 19370 | Lair:4   | Found a staircase to the Swamp.
 19439 | Lair:4   | Received a gift from Okawaru
 20815 | D:10     | Identified a scroll of acquirement
 20815 | D:10     | Acquired the ring "Arirch" {Fire Int+5 Dex-4 Slay+3 SInv}
 21509 | Lair:5   | Found a staircase to the Slime Pits.
 21580 | Lair:6   | Entered Level 6 of the Lair of Beasts
 21809 | Lair:6   | Reached skill level 10 in Shields
 22274 | Lair:6   | Received a gift from Okawaru
 22275 | Lair:6   | Reached skill level 1 in Throwing
 22752 | Lair:5   | Reached skill level 10 in Fighting
 22904 | Lair:6   | Reached XP level 15. HP: 134/134 MP: 22/22
 23119 | Lair:6   | Reached skill level 10 in Invocations
 23490 | Lair:6   | Found the +3 hat of Pondering {ponderous, Will+ MP+10
                  | Int+5}
 23802 | D:10     | Lost mutation: You are strong-willed. (Will+) [potion of
                  | mutation]
 23802 | D:10     | Lost mutation: You are weak. (Str -2) [potion of mutation]
 23802 | D:10     | Gained mutation: You have a pair of small horns on your
                  | head. [potion of mutation]
 23802 | D:10     | Gained mutation: You possess an exceptional clarity of
                  | mind. [potion of mutation]
 23802 | D:10     | Gained mutation: You are agile. (Dex +2) [potion of
                  | mutation]
 23802 | D:10     | Gained mutation: You are somewhat resistant to further
                  | mutation. [potion of mutation]
 23882 | Orc:1    | Entered Level 1 of the Orcish Mines
 23998 | Orc:2    | Entered Level 2 of the Orcish Mines
 24074 | Orc:2    | Noticed Maurice
 24085 | Orc:2    | Found a staircase to the Elven Halls.
 24109 | Orc:2    | Noticed Azrael
 24234 | Orc:1    | Killed Maurice
 24420 | Orc:1    | Killed Azrael
 24738 | Orc:2    | Noticed Saint Roka
 24739 | Orc:2    | Noticed Jorgrun
 24896 | Orc:1    | Killed Jorgrun
 25057 | Orc:2    | Killed Saint Roka
 25057 | Orc:2    | Received a gift from Okawaru
 25248 | Orc:1    | Found a roughly hewn altar of Beogh.
 25312 | Orc:1    | Found Ilimihef's Jewellery Shop.
 25312 | Orc:1    | Noticed an orc warlord
 25497 | Orc:2    | Killed an orc warlord
 26292 | Orc:2    | Found Cukekaiv's Antique Weapon Shoppe.
 26374 | Orc:2    | Found an ancient bone altar of Kikubaaqudgha.
 26430 | Orc:2    | Noticed Erolcha
 26431 | Orc:2    | Found a radiant altar of Vehumet.
 26438 | Orc:2    | Paralysed by an orc sorcerer for 2 turns
 26614 | Orc:1    | Killed Erolcha
 26729 | Orc:2    | Paralysed by an orc sorcerer for 7 turns
 26740 | Orc:2    | Received a gift from Okawaru
 26795 | Orc:2    | Found a roughly hewn altar of Beogh.
 26795 | Orc:2    | Found Kiocsiz's Gadget Emporium.
 26796 | Orc:2    | Found Ryliew's Magic Scroll Shoppe.
 26884 | Orc:2    | Found Sojanike's Magic Scroll Shoppe.
 26886 | Orc:2    | Bought a condenser vane for 560 gold pieces
 26895 | Orc:2    | Bought 3 scrolls of blinking for 270 gold pieces
 26895 | Orc:2    | Bought a scroll of brand weapon for 240 gold pieces
 26895 | Orc:2    | Bought a scroll of enchant weapon for 90 gold pieces
 26905 | Orc:2    | Bought a scroll of silence for 120 gold pieces
 26905 | Orc:2    | Bought a scroll of blinking for 120 gold pieces
 27128 | Spider:1 | Entered Level 1 of the Spider Nest
 27282 | Spider:1 | Noticed Frances
 27294 | Spider:1 | Killed Frances
 28093 | Spider:2 | Reached XP level 16. HP: 145/145 MP: 24/24
 28230 | Spider:2 | Received a gift from Okawaru
 28231 | Spider:2 | Got a transparent flail {god gift}
 28432 | Spider:2 | Reached skill level 11 in Fighting
 28455 | Spider:2 | Identified the +5 flail "Demonbane" {protect, Will+ Dex+3}
                  | (Okawaru gifted it to you on level 2 of the Spider Nest)
 29009 | Spider:2 | Received a gift from Okawaru
 29424 | Spider:3 | Noticed Donald
 29438 | Spider:2 | Killed Donald
 29695 | Spider:4 | Entered Level 4 of the Spider Nest
 29995 | Spider:3 | Noticed Nikola
 30009 | Spider:3 | Killed Nikola
 31148 | Spider:3 | Received a gift from Okawaru
 31570 | Spider:4 | Reached skill level 15 in Axes
 31792 | Spider:4 | Reached XP level 17. HP: 154/155 MP: 26/26
 32058 | Spider:4 | Reached skill level 10 in Evocations
 32289 | Spider:4 | Received a gift from Okawaru
 32483 | Spider:4 | Got a gossamer rune of Zot
 32822 | Swamp:1  | Entered Level 1 of the Swamp
 33109 | Swamp:1  | Noticed Aizul
 33125 | Swamp:1  | Killed Aizul
 33245 | Swamp:1  | Received a gift from Okawaru
 33394 | Swamp:1  | Got a sparkling bone amulet
 33395 | Swamp:1  | Identified the amulet "Gerghiaq" {Reflect rElec rPois rC+
                  | SH+5 Stlth-} (You found it on level 1 of the Swamp)
 34486 | Swamp:2  | Got a masterwork rapier
 34491 | Swamp:2  | Identified the +6 rapier of Rubbish {vorpal, rF+ Str-5
                  | Dex+6} (You found it on level 2 of the Swamp)
 34590 | Swamp:2  | Noticed Roxanne
 34623 | Swamp:2  | Killed Roxanne
 34623 | Swamp:2  | Received a gift from Okawaru
 34873 | Swamp:2  | Reached skill level 12 in Fighting
 35332 | Swamp:4  | Entered Level 4 of the Swamp
 35342 | Swamp:4  | Got a pair of steaming gloves
 35378 | Swamp:4  | Identified the +2 pair of gloves of Context {rN+ rCorr
                  | Int-4} (You found it on level 4 of the Swamp)
 37228 | Swamp:4  | Reached skill level 10 in Armour
 37240 | Swamp:3  | Reached skill level 5 in Dodging
 37342 | Swamp:4  | Identified the cursed +0 ring mail "Bokudyju" {-Tele rElec
                  | Dex+2 Stlth+} (You found it on level 4 of the Swamp)
 37795 | Swamp:4  | Received a gift from Okawaru
 37984 | Swamp:3  | Reached XP level 18. HP: 133/164 MP: 27/27
 38415 | Swamp:4  | Got a decaying rune of Zot
 38837 | Vaults:1 | Entered Level 1 of the Vaults
 39100 | Vaults:1 | Found Oddusib's Magic Scroll Boutique.
 39144 | Vaults:1 | Bought a scroll of enchant armour for 112 gold pieces
 39144 | Vaults:1 | Bought a scroll of enchant armour for 112 gold pieces
 39414 | Vaults:1 | Identified the +4 rapier of Putrescence {vamp, Str+7 Int+2
                  | Dex+3} (You found it on level 1 of the Vaults)
 40319 | Vaults:1 | Received a gift from Okawaru
 40490 | Vaults:2 | Received a gift from Okawaru
 40977 | Vaults:2 | Received a gift from Okawaru
 41024 | Vaults:2 | Noticed Mara
 41031 | Vaults:2 | Noticed jlumianski's illusion
 41042 | Vaults:2 | Killed Mara
 41043 | Vaults:2 | Reached skill level 13 in Fighting
 41251 | Vaults:2 | Found a runed translucent gate.
 41251 | Vaults:2 | Found a runed translucent gate.
 41252 | Vaults:2 | Found a runed translucent gate.
 41253 | Vaults:2 | Noticed foobar1000's ghost (veteran SpHu)
 41423 | Vaults:3 | Reached XP level 19. HP: 174/174 MP: 29/29
 41435 | Vaults:3 | Noticed Jory
 41780 | Vaults:2 | Received a gift from Okawaru
 41829 | Vaults:2 | Killed foobar1000's ghost
 42900 | Vaults:3 | Killed Jory
 43514 | Vaults:3 | HP: 2/174 [shadow dragon simulacrum[a curse skull] (19)]
 44140 | Vaults:3 | Received a gift from Okawaru
 44217 | Vaults:3 | Found a staircase to the Crypt.
 44903 | Vaults:4 | Reached skill level 15 in Invocations
 44903 | Vaults:4 | Reached XP level 20. HP: 184/184 MP: 31/31
 44976 | Vaults:5 | Entered Level 5 of the Vaults
 44981 | Vaults:5 | Noticed a golden dragon
 45155 | Vaults:4 | Received a gift from Okawaru
 45739 | Vaults:4 | Acquired a manual of Evocations
 46757 | Vaults:4 | Received a gift from Okawaru
 47388 | Vaults:5 | Killed a golden dragon
 47389 | Vaults:5 | Reached skill level 14 in Fighting
 47420 | Vaults:4 | Received a gift from Okawaru
 47428 | Vaults:4 | Reached XP level 21. HP: 180/193 MP: 32/32
 47755 | Vaults:5 | Identified the +7 short sword of the Harvest {venom, rElec
                  | Str+8 Int-5 Stlth+}
 47763 | Vaults:5 | Identified the ring "Toopelua" {*Drain +Fly rF+ rN+ Slay+3}
 48082 | Vaults:5 | Noticed Boris
 48095 | Vaults:5 | Killed Boris
 48442 | Vaults:5 | Got a shimmering chain mail
 48453 | Vaults:5 | Got a slimy battleaxe
 48830 | D:10     | Identified the +8 chain mail of Kazih {+Blink Str+4} (You
                  | found it on level 5 of the Vaults)
 48835 | D:10     | Identified the +4 battleaxe "Dragonslayer" {vorpal, Fragile
                  | +Inv rC++ Str+2} (You found it on level 5 of the Vaults)
 49343 | Vaults:5 | Identified the amulet of Perfectionism {Spirit Int+3}
 49412 | Vaults:5 | Found Kyifye's General Store.
 49661 | Vaults:5 | Received a gift from Okawaru
 49679 | Vaults:5 | Identified the Guide on Shifting Stones
 49855 | Vaults:5 | Got a silver rune of Zot
 50113 | Vaults:5 | Noticed Margery
 50127 | Vaults:5 | Killed Margery
 50287 | Vaults:5 | Received a gift from Okawaru
 50896 | Elf:1    | Entered Level 1 of the Elven Halls
 51213 | Elf:2    | Found a ruined gateway.
 51241 | Desolati | Entered the Desolation of Salt
 51253 | Desolati | Reached skill level 15 in Evocations
 51320 | Desolati | Reached XP level 22. HP: 177/203 MP: 34/34
 51538 | Desolati | Received a gift from Okawaru
 51539 | Desolati | Got a bloodstained hand axe {god gift}
 51570 | Desolati | Got a flickering lead ring
 51572 | Desolati | Identified the Papyrus of Mutagenic Clay
 51635 | Desolati | Reached skill level 15 in Fighting
 51780 | Desolati | Got a heavily runed gossamer ring
 51784 | Desolati | Identified the ring of Virtue {rN+ Str+3} (You found it in
                  | the Desolation of Salt)
 51785 | Desolati | Identified the ring "Hiasum" {+Blink MP+9 Dex+6} (You found
                  | it in the Desolation of Salt)
 51832 | Desolati | Got a clouded lead ring
 51890 | Desolati | Found the +0 pair of fencer's gloves {Riposte Dex+3}
 52439 | Elf:1    | Got a jet-studded ring mail
 52556 | D:10     | Identified the +2 hand axe of Roing {protect, Str+4 Int+3}
                  | (Okawaru gifted it to you in the Desolation of Salt)
 52574 | D:10     | Identified the +0 ring mail "Daklobb" {rN+} (You found it
                  | on level 1 of the Elven Halls)
 53160 | Elf:1    | Found a corrupted altar of Lugonu.
 53169 | Elf:1    | Found a one-way gate to the infinite horrors of the Abyss.
 53291 | Elf:1    | Received a gift from Okawaru
 53306 | Elf:1    | Found a runed translucent gate.
 53306 | Elf:1    | Found a runed translucent gate.
 53306 | Elf:1    | Found a runed translucent gate.
 53306 | Elf:1    | Found a runed translucent gate.
 53306 | Elf:1    | Found a runed translucent gate.
 53325 | Elf:1    | Found a runed translucent gate.
 53790 | Elf:3    | Entered Level 3 of the Elven Halls
 54135 | Elf:2    | Found a huge runed translucent gate.
 54137 | Elf:2    | Found a huge runed translucent gate.
 54143 | Elf:2    | Found a huge runed translucent gate.
 54144 | Elf:2    | Found a huge runed translucent gate.
 54144 | Elf:2    | Found a huge runed translucent gate.
 54607 | Elf:2    | Reached skill level 15 in Shields
 54615 | Elf:2    | Received a gift from Okawaru
 54986 | Elf:3    | Found Idess's Distillery.
 54996 | Elf:3    | Bought 2 potions of haste for 380 gold pieces
 55038 | Elf:3    | Found an ancient bone altar of Kikubaaqudgha.
 55135 | Elf:3    | Received a gift from Okawaru
 55515 | Elf:3    | Reached XP level 23. HP: 215/215 MP: 33/35
 55553 | Elf:3    | Reached skill level 16 in Fighting
 55611 | Elf:3    | Identified the cursed +1 leather armour of Quantum Leap
                  | {rElec rF+ rN+}
 55617 | Elf:3    | Received a gift from Okawaru
 56110 | Elf:3    | Identified the +3 leather armour of Loss {*Contam rPois
                  | Dex+2}
 56582 | Elf:3    | Identified Spellcraft in Simple Steps
 56584 | Elf:3    | Identified Ustenu's Volume of Earthen Changing
 56598 | Elf:3    | Got a clouded silver ring
 56600 | Elf:3    | Identified Kadeom's Papyrus of the Voyage
 56607 | Elf:3    | Identified the ring "Zewual" {Int+5 Dex-5 Slay+4 Stlth-}
                  | (You found it on level 3 of the Elven Halls)
 57072 | D:10     | Acquired a +7 broad axe of electrocution
 57486 | Crypt:1  | Entered Level 1 of the Crypt
 58733 | D:15     | Received a gift from Okawaru
 58803 | D:15     | Received a gift from Okawaru
 58948 | D:15     | Found a staircase to the Depths.
 59411 | Depths:1 | Entered Level 1 of the Depths
 60043 | Depths:1 | Found a gateway to Hell.
 60186 | Depths:1 | Received a gift from Okawaru
 60187 | Depths:1 | Reached skill level 17 in Fighting
 60187 | Depths:1 | Got a scorched hat {god gift}
 60200 | Depths:1 | Identified the +0 hat "Fupneh" {Rampage} (Okawaru gifted it
                  | to you on level 1 of the Depths)
 61708 | Depths:2 | You fall into a shaft and drop 1 floor!
 61815 | Depths:3 | Found a one-way gate leading to the halls of Pandemonium.
 61905 | Depths:2 | Noticed Sojobo
 61930 | Depths:1 | Killed Sojobo
 61931 | Depths:1 | Reached XP level 24. HP: 227/228 MP: 31/36
 62267 | Depths:2 | Identified the +1 robe of Vehumet's Pride {rN++ Str+3 Int-2
                  | Dex+8}
 62268 | Depths:2 | Identified the +11 arbalest of the Blessed Realm {flame,
                  | +Blink Str+3 Dex+4}
 62268 | Depths:2 | Identified the amulet "Cyops" {Reflect rC+ Int+3 SH+5}
 62268 | Depths:2 | Noticed the Enchantress
 62269 | Depths:2 | Found a radiant altar of Vehumet.
 62273 | Depths:2 | Killed the Enchantress
 62378 | Depths:2 | Found a gateway to a ziggurat.
 62396 | Depths:2 | Reached skill level 18 in Fighting
 62672 | Depths:2 | Received a gift from Okawaru
 64055 | Depths:3 | Paralysed by a wizard for 4 turns
 64530 | Depths:3 | Found a shimmering blue altar of Sif Muna.
 64547 | Depths:3 | Acquired the +3 broad axe "Wigob" {protect, +Fly Int+4
                  | Dex+6 Stlth-}
 64613 | Depths:3 | Identified the +1 animal skin "Cofiec" {Rampage *Slow
                  | Dex+5} (You found it on level 3 of the Depths)
 64641 | Depths:3 | Found an ancient bone altar of Kikubaaqudgha.
 64832 | Depths:3 | Found Touthroi's General Store.
 64850 | Depths:3 | Bought a wand of iceblast (9) for 156 gold pieces
 64886 | Depths:3 | Found The Legendary Haliumui's Legendary Smithy.
 64886 | Depths:3 | Received a gift from Okawaru
 64889 | Depths:3 | Got an encrusted broad axe {god gift}
 64890 | Depths:3 | Identified the +1 broad axe of Tafrozec {vorpal, rPois rF-
                  | Int+3 Dex+2} (Okawaru gifted it to you on level 3 of the
                  | Depths)
 64967 | Depths:3 | Found Pewomuakk's Miraculous Elixirs.
 65011 | Depths:3 | Found a glowing golden altar of the Shining One.
 65815 | Depths:4 | Paralysed by a floating eye for 2 turns
 66107 | Depths:4 | Reached skill level 19 in Fighting
 66112 | Depths:4 | Received a gift from Okawaru
 66218 | Depths:4 | Reached XP level 25. HP: 243/243 MP: 36/36
 66242 | Depths:4 | Identified the +4 chain mail "Anlyssopt" {rN+} (You found
                  | it on level 4 of the Depths)
 66245 | Depths:4 | Identified the +0 kite shield "Hesoorgh" {Int+4} (You found
                  | it on level 4 of the Depths)
 66393 | Depths:5 | Entered Level 5 of the Depths
 66919 | Depths:4 | Received a gift from Okawaru
 67789 | Depths:5 | Noticed a juggernaut
 67815 | Depths:5 | Found a gate to the Realm of Zot.
 67820 | Depths:5 | Killed a juggernaut
 67820 | Depths:5 | Received a gift from Okawaru
 67828 | Depths:5 | Received a gift from Okawaru
 67829 | Depths:5 | Reached skill level 20 in Fighting
 67837 | Depths:5 | Received a gift from Okawaru
 67941 | Depths:5 | Cast into level 2 of the Abyss (a deep elf demonologist)
 68025 | Abyss:2  | Received a gift from Okawaru
 68222 | Depths:5 | Escaped the Abyss
 69543 | Depths:5 | Paralysed by a floating eye for 2 turns
 69806 | Zot:1    | Entered Level 1 of the Realm of Zot
 70289 | Zot:1    | Found a corrupted altar of Lugonu.
 70392 | Zot:1    | Reached XP level 26. HP: 142/258 MP: 36/36
 71446 | Zot:2    | Received a gift from Okawaru
 71544 | Zot:2    | Received a gift from Okawaru
 71610 | Zot:2    | Reached skill level 21 in Fighting
 71624 | Zot:2    | Identified the +5 pair of gloves "Houts" {Will+ Regen+
                  | Str+3 Dex-3} (Okawaru gifted it to you on level 2 of the
                  | Realm of Zot)
 72012 | Zot:2    | Found a transporter.
 72110 | Zot:2    | Found a transporter.
 72355 | Zot:2    | You fall into a shaft and drop 1 floor!
 72515 | Zot:2    | Acquired the +4 barding of the Realm of Zot {*Drain rF+
                  | Slay+5}
 72654 | Zot:2    | Noticed an ancient lich
 72667 | Zot:2    | Killed an ancient lich
 72673 | Zot:2    | Noticed an ancient lich
 72686 | Zot:2    | Killed an ancient lich
 72686 | Zot:2    | Received a gift from Okawaru
 72706 | Zot:2    | Gained mutation: Your magical capacity is low. (-10% MP) [a
                  | cacodemon]
 73592 | Zot:3    | Reached skill level 22 in Fighting
 74007 | Zot:3    | Reached XP level 27. HP: 271/271 MP: 33/33
 74628 | Zot:4    | Received a gift from Okawaru
 74937 | Zot:5    | Entered Level 5 of the Realm of Zot
 75708 | Zot:5    | Reached skill level 23 in Fighting
 75708 | Zot:5    | Received a gift from Okawaru
 75714 | Zot:5    | Got a jewelled tower shield {god gift}
 75725 | Zot:5    | Identified the +5 tower shield "Zyov" {Dex+3} (Okawaru
                  | gifted it to you on level 5 of the Realm of Zot)
 75733 | Zot:5    | Noticed an ancient lich
 75733 | Zot:5    | Noticed an ancient lich
 75733 | Zot:5    | Noticed an orb of fire
 75733 | Zot:5    | Noticed an orb of fire
 75733 | Zot:5    | Noticed an orb of fire
 75735 | Zot:5    | Noticed an orb of fire
 75736 | Zot:5    | Noticed an orb of fire
 75736 | Zot:5    | Noticed an orb of fire
 75736 | Zot:5    | Noticed an orb of fire
 75736 | Zot:5    | Noticed an orb of fire
 75736 | Zot:5    | Noticed a juggernaut
 75736 | Zot:5    | a Killer Klown changed into a juggernaut
 75745 | Zot:5    | Noticed an orb of fire
 75768 | Zot:5    | Killed an ancient lich
 75773 | Zot:5    | Noticed an ancient lich
 75773 | Zot:5    | Lost mutation: You are agile. (Dex +2) [an orb of fire]
 75776 | Zot:5    | Killed an orb of fire
 75780 | Zot:5    | Noticed an ancient lich
 75786 | Zot:5    | Killed an ancient lich
 75786 | Zot:5    | Gained mutation: Your body sometimes deteriorates upon
                  | taking damage. [an orb of fire]
 75787 | Zot:5    | Reached skill level 15 in Armour
 75788 | Zot:5    | Killed an orb of fire
 75799 | Zot:5    | Killed an ancient lich
 75800 | Zot:5    | Reached skill level 10 in Dodging
 75805 | Zot:5    | Gained mutation: Your magical capacity is very low. (-20%
                  | MP) [an orb of fire]
 75807 | Zot:5    | Killed an ancient lich
 75807 | Zot:5    | Received a gift from Okawaru
 75807 | Zot:5    | Killed an orb of fire
 75813 | Zot:5    | Killed an orb of fire
 76117 | Zot:5    | Gained mutation: You are dopey. (Int -2) [an orb of fire]
 76124 | Zot:5    | Reached skill level 24 in Fighting
 76127 | Zot:5    | Killed an orb of fire
 76398 | Zot:5    | Gained mutation: You are frail. (-10% HP) [an orb of fire]
 76403 | Zot:5    | Received a gift from Okawaru
 76404 | Zot:5    | Gained mutation: You are very frail. (-20% HP) [an orb of
                  | fire]
 76418 | Zot:5    | Gained mutation: Your body often deteriorates upon taking
                  | damage. [an orb of fire]
 76422 | Zot:5    | HP: 8/227 [orb of fire/fireball (9)]
 76811 | D:10     | Lost mutation: You are somewhat resistant to further
                  | mutation. [potion of mutation]
 76811 | D:10     | Lost mutation: You are dopey. (Int -2) [potion of mutation]
 76811 | D:10     | Lost mutation: Your magical capacity is very low. (-20% MP)
                  | [potion of mutation]
 76811 | D:10     | Gained mutation: Your mind is acute. (Int +2) [potion of
                  | mutation]
 76811 | D:10     | Lost mutation: You are very frail. (-20% HP) [potion of
                  | mutation]
 76811 | D:10     | Gained mutation: You expend magic power (3 MP) to
                  | strengthen your wands. [potion of mutation]
 76812 | D:10     | Lost mutation: You are frail. (-10% HP) [potion of
                  | mutation]
 76812 | D:10     | Lost mutation: Your body often deteriorates upon taking
                  | damage. [potion of mutation]
 76812 | D:10     | Lost mutation: You expend magic power (3 MP) to strengthen
                  | your wands. [potion of mutation]
 76812 | D:10     | Lost mutation: Your body sometimes deteriorates upon taking
                  | damage. [potion of mutation]
 76812 | D:10     | Gained mutation: You have a pair of horns on your head.
                  | [potion of mutation]
 77225 | Zot:5    | Killed a juggernaut
 77232 | Zot:5    | Gained mutation: Your body sometimes deteriorates upon
                  | taking damage. [an orb of fire]
 77237 | Zot:5    | Lost mutation: You possess an exceptional clarity of mind.
                  | [an orb of fire]
 77241 | Zot:5    | Gained mutation: Your magical capacity is very low. (-20%
                  | MP) [an orb of fire]
 77248 | Zot:5    | Killed an orb of fire
 77276 | Zot:5    | Killed an orb of fire
 78428 | Zot:5    | Gained mutation: You are frail. (-10% HP) [an orb of fire]
 78434 | Zot:5    | Gained mutation: You are occasionally teleported next to
                  | monsters. [an orb of fire]
 78438 | Zot:5    | Killed an orb of fire
 78440 | Zot:5    | Lost mutation: You are frail. (-10% HP) [potion of
                  | mutation]
 78440 | Zot:5    | Lost mutation: Your magical capacity is very low. (-20% MP)
                  | [potion of mutation]
 78440 | Zot:5    | Lost mutation: Your magical capacity is low. (-10% MP)
                  | [potion of mutation]
 78440 | Zot:5    | Lost mutation: You have a pair of horns on your head.
                  | [potion of mutation]
 78440 | Zot:5    | Gained mutation: You can roll at foes to attack. [potion of
                  | mutation]
 78440 | Zot:5    | Gained mutation: You do not regenerate when monsters are
                  | visible. [potion of mutation]
 78440 | Zot:5    | Gained mutation: Your mind is very acute. (Int +4) [potion
                  | of mutation]
 78700 | Depths:3 | Bought 2 potions of mutation for 800 gold pieces
 78704 | Depths:3 | Lost mutation: Your body sometimes deteriorates upon taking
                  | damage. [potion of mutation]
 78704 | Depths:3 | Lost mutation: Your mind is very acute. (Int +4) [potion of
                  | mutation]
 78704 | Depths:3 | Gained mutation: Potions are less effective at restoring
                  | your health. [potion of mutation]
 78704 | Depths:3 | Gained mutation: You have a beak for a mouth. [potion of
                  | mutation]
 78709 | Depths:3 | Bought a potion of mutation for 400 gold pieces
 78712 | Depths:3 | Lost mutation: You can roll at foes to attack. [potion of
                  | mutation]
 78712 | Depths:3 | Lost mutation: You have a pair of small horns on your head.
                  | [potion of mutation]
 78712 | Depths:3 | Lost mutation: You do not regenerate when monsters are
                  | visible. [potion of mutation]
 78712 | Depths:3 | Gained mutation: You have sharp toenails. [potion of
                  | mutation]
 78712 | Depths:3 | Gained mutation: You have razor-sharp toenails. [potion of
                  | mutation]
 78713 | Depths:3 | Lost mutation: Your mind is acute. (Int +2) [potion of
                  | mutation]
 78713 | Depths:3 | Lost mutation: You have razor-sharp toenails. [potion of
                  | mutation]
 78713 | Depths:3 | Gained mutation: Your flesh is heat resistant. (rF+)
                  | [potion of mutation]
 78713 | Depths:3 | Gained mutation: You are frail. (-10% HP) [potion of
                  | mutation]
 78713 | Depths:3 | Gained mutation: Your tail ends in a poisonous barb.
                  | [potion of mutation]
 78717 | Depths:3 | Bought a potion of mutation for 400 gold pieces
 78721 | Depths:3 | Lost mutation: Your flesh is heat resistant. (rF+) [potion
                  | of mutation]
 78721 | Depths:3 | Lost mutation: You have sharp toenails. [potion of
                  | mutation]
 78721 | Depths:3 | Lost mutation: You are frail. (-10% HP) [potion of
                  | mutation]
 78721 | Depths:3 | Lost mutation: Your tail ends in a poisonous barb. [potion
                  | of mutation]
 78721 | Depths:3 | Gained mutation: You have a pair of small horns on your
                  | head. [potion of mutation]
 78721 | Depths:3 | Gained mutation: You expend magic power (3 MP) to
                  | strengthen your wands. [potion of mutation]
 78721 | Depths:3 | Gained mutation: Your natural rate of healing is unusually
                  | fast. [potion of mutation]
 78726 | Depths:3 | Bought a potion of mutation for 400 gold pieces
 78726 | Depths:3 | Lost mutation: You have a pair of small horns on your head.
                  | [potion of mutation]
 78726 | Depths:3 | Lost mutation: You have a beak for a mouth. [potion of
                  | mutation]
 78726 | Depths:3 | Lost mutation: You are occasionally teleported next to
                  | monsters. [potion of mutation]
 78726 | Depths:3 | Gained mutation: You are clumsy. (Dex -2) [potion of
                  | mutation]
 78726 | Depths:3 | Lost mutation: You are clumsy. (Dex -2) [potion of
                  | mutation]
 78733 | Depths:3 | Bought a potion of mutation for 400 gold pieces
 78733 | Depths:3 | Lost mutation: You expend magic power (3 MP) to strengthen
                  | your wands. [potion of mutation]
 78733 | Depths:3 | Lost mutation: Your natural rate of healing is unusually
                  | fast. [potion of mutation]
 78733 | Depths:3 | Lost mutation: Potions are less effective at restoring your
                  | health. [potion of mutation]
 78733 | Depths:3 | Gained mutation: Your system is resistant to poisons.
                  | (rPois) [potion of mutation]
 78733 | Depths:3 | Gained mutation: You are agile. (Dex +2) [potion of
                  | mutation]
 78733 | Depths:3 | Gained mutation: You are very agile. (Dex +4) [potion of
                  | mutation]
 78733 | Depths:3 | Gained mutation: You are resistant to electric shocks.
                  | (rElec) [potion of mutation]
 79097 | Slime:1  | Entered Level 1 of the Pits of Slime
 79105 | Slime:1  | Gained mutation: You tend to lose your temper in combat. [a
                  | shining eye]
 79132 | Slime:1  | Lost mutation: You are very agile. (Dex +4) [a shining eye]
 79169 | Slime:1  | Gained mutation: You have sharp fingernails. [a shining
                  | eye]
 79177 | Slime:1  | Gained mutation: Your magical capacity is low. (-10% MP) [a
                  | shining eye]
 80159 | Slime:1  | Gained mutation: You are dopey. (Int -2) [a shining eye]
 80188 | Slime:2  | Gained mutation: You are frail. (-10% HP) [a shining eye]
 80189 | Slime:2  | Gained mutation: You are very dopey. (Int -4) [a shining
                  | eye]
 80192 | Slime:1  | Gained mutation: You have very sharp fingernails. [a
                  | shining eye]
 80443 | Slime:5  | Entered Level 5 of the Pits of Slime
 80465 | Slime:5  | Gained mutation: Your body sometimes deteriorates upon
                  | taking damage. [a shining eye]
 80564 | Slime:5  | Noticed the Royal Jelly
 80584 | Slime:5  | HP: 9/256 [acid (4)]
 80584 | Slime:5  | Slain by the Royal Jelly

Illustrated notes

Levels and vault maps discovered:
D:1:      scummos_arrival_forest, layout_rooms, hangedman_decor_peaks_small
D:2:      layout_loops_ring
D:3:      layout_basic, overflow_temple_1_default, overflow_temple_1_default,
          chequers_ecumenical_altar_simple, minmay_misc_feat_roman,
          goddamned_bats
D:4:      layout_basic, grunt_temple_overflow_order_and_chaos_1,
          okawaru_gym_becter, kennysheep_generic_room_15
D:5:      layout_gridville, nzn_wu_jian_council_hall, item_on_display_a,
          uniq_ijyb, uniq_edmund, uniq_menkaure, uniq_pikel
D:6:      layout_loops_cross, minmay_temple_entry_drinking_statues,
          dk_noncrumbling_4, trog_book
D:7:      layout_rooms, fedhas_ov_isle_minmay, lemuel_doored_altar,
          gammafunk_temple_overflow_statue, overflow_temple_1_default,
          hangedman_decor_slide_cut
D:8:      layout_loops_cross, minivault_23
D:9:      layout_loops_ring, grunt_temple_overflow_cloverleaf
D:10:     layout_basic, dpeg_oklobed_lair, zombieorc1_lemuel, special_room
          [special_room_orc], serial_shops, shop, uniq_fannar
D:11:     layout_loops_corners, serial_bayou_pond_b, serial_bayou_ford_a,
          uniq_harold, uniq_urug
D:12:     layout_loops_ring, uniq_snorg, uniq_psyche, uniq_josephine
D:13:     layout_small_grid
D:14:     layout_basic, skrybe_vaults_entry_preservation, chequers_arboretum,
          st_stairs_3
D:15:     hangedman_depths_entry_civil_slaughter, layout_rooms,
          nicolae_water_bricks
Lair:1:   layout_regular_city, serial_bayou_shore_b
Lair:2:   layout_roguey, spider_nest_entry_a
Lair:3:   layout_regular_city, beast_lair_carwin_10, grunt_megastairs_2
Lair:4:   lemuel_reptile_caves, layout_cave_pods, swamp_mist_pool,
          gammafunk_ghost_grave, grunt_megastairs_4
Lair:5:   layout_cave_pods, dpeg_slime_entry_corner, st_stairs_11, minivault_26,
          serial_bayou_shore_a
Lair:6:   minmay_lair_end_frog_pond, layout_layer_cave,
          grunt_forest_stairs_basic
Swamp:1:  layout_basic_swamp, evilmike_swamp_ruin_house_6, swamp_pool2,
          uniq_aizul
Swamp:2:  layout_basic_swamp, evilmike_swamp_ruin_rubble_1, uniq_roxanne
Swamp:3:  layout_basic_swamp, hangedman_swamp_blocks
Swamp:4:  swamp, layout_basic_swamp, swamp_pool5, lightli_tree_ring,
          infiniplex_staircase_pool_2
Spider:1: layout_spider_delve, spiders_nest_hornet_nest, uniq_frances
Spider:2: layout_chambers, drop_trap, zaba_anthell
Spider:3: layout_spider_delve, drop_trap, uniq_donald, uniq_nikola
Spider:4: grunt_spider_rune_circles, nicolae_spider_stair_cavern
Slime:1:  layout_caves
Slime:2:  layout_caves, basic_altar
Slime:3:  layout_caves, nicolae_slime_phagocytosis
Slime:4:  layout_caves
Slime:5
Orc:1:    layout_caves, serial_shops, nicolae_shop_waterfront, basic_altar
Orc:2:    kennysheep_orc_mage_school, layout_diamond_mine, uniq_azrael,
          uniq_jorgrun, uniq_saint_roka, uniq_maurice
Elf:1:    due_chaos_kobolds, layout_geoelf_octagon, orc_legates
Elf:2:    layout_loops_corners, portal_desolation_entry_nicolae_nacl,
          roderic_lattice_octagonal_star
Elf:3:    minmay_elf_hall_quartered_circle, layout_loops_cross, basic_altar,
          serial_shops, shop, amcnicky_mini_pool_small, drop_trap,
          corner_web_ring
Vaults:1: v_misc_10, vaults_room_pools, v_misc_27, nicolae_vaults_angled_halls,
          nicolae_vaults_little_squares_4, layout_vaults_omnigrid, serial_shops,
          nicolae_shop_crystal
Vaults:2: gammafunk_vaults_ghost_necromancy, nicolae_vaults_hallways_thing,
          vaults_room_semicircle, vaults_standard_mumra_lines, v_rooms_4,
          vaults_room_door_ring, nicolae_vaults_inception_statues,
          ontoclasm_vaults_shuriken, vaults_room_pools, ontoclasm_vaults_eye,
          layout_vaults_omnibox, uniq_mara
Vaults:3: vaults_dpeg_encased_lava, vaults_standard_mumra_x,
          minmay_crypt_entry_simple_box, v_alt_pattern_5,
          ontoclasm_vaults_gateway, nicolae_vaults_big_ls, vaults_mumra_hex,
          ontoclasm_vaults_hangar, layout_vaults_big_room, uniq_jory
Vaults:4: vaults_room_semicircle, hangedman_vaults_cutoff,
          hangedman_vaults_unwind, st_spiral_rooms, hangedman_vaults_stagger,
          v_misc_19, nicolae_vaults_mini_display_case, vaults_dpeg_cross,
          nicolae_vaults_shelves_hall, nicolae_vaults_border_crossing,
          vaults_mumra_minichess, nicolae_vaults_theta, layout_vaults_omnicross
Vaults:5: uniq_margery, uniq_boris
Crypt:1:  layout_basic, grunt_ministairs_5, st_stairs_5, uniq_mennas
Depths:1: layout_basic, grunt_mini_vestibule, mu_enter_wizlab_6,
          minmay_metal_thing, serial_bayou_shore_b
Depths:2: grunt_forest_end_shrine, layout_gridlike, enter_ziggurat_e,
          hell_entry, nicolae_sextant, uniq_sojobo
Depths:3: grated_community_mu [grated_community_mu_vampire_home,
          grated_community_mu_giant_home, grated_community_mu_spellcaster_home,
          grated_community_mu_orcish_home, grated_community_mu_troll_home,
          grated_community_mu_taur_home, grated_community_mu_unbuilt_plot],
          layout_gridlike, rand_demon_pan_entry_5, hangedman_coc_ice_floe,
          grunt_decor_fettered, minmay_staircase_bubble, uniq_enchantress
Depths:4: minmay_the_grid_plus_closed [minmay_the_grid_square_x,
          minmay_the_grid_minigrid_small_alt, minmay_the_grid_eight,
          minmay_the_grid_box_x, minmay_the_grid_prize_four_corners],
          layout_honeycomb, hell_entry, pan_entry,
          hangedman_abyss_or_decor_passed, abyss_entry_crystal
Depths:5: grunt_runaround [grunt_runaround_doors_1, grunt_runaround_doors_2,
          grunt_runaround_doors_3, grunt_runaround_doors_4,
          grunt_runaround_zot], hell_entry
Zot:1:    layout_gridlike, amcnicky_altar_lugonu_corruption
Zot:2:    gammafunk_dig_for_victory, layout_basic
Zot:3:    layout_concentric_octagons, hangedman_snake_sidewinding
Zot:4:    layout_twisted_circle, st_stairs_7
Zot:5:    layout_gridlike, hangedman_zot_diagonal_lockstep

Skill      XL: |  1  2  3  4  5  6  7  8  9 10 11 12 13 14 15 16 17 18 19 20 21 22 23 24 25 26 27 |
---------------+----------------------------------------------------------------------------------+-----
Shields        | 3 4 5 6 7 8 9 10 11 12 13 14 15 | 15.0
Axes           | 3 4 5 6 8 9 10 11 12 13 15 16 17 18 19 | 19.3
Armour         | 3 4 5 6 7 8 9 10 11 12 13 14 15 | 15.5
Fighting       | 4 5 7 8 9 10 11 12 13 14 15 17 19 20 22 24 | 24.8
Dodging        | 1 2 3 4 5 6 7 8 9 10 | 10.4
Invocations    | 3 5 7 8 9 11 12 13 14 15 16 17 18 19 20 22 | 22.1
Evocations     | 1 4 5 7 8 9 10 11 12 13 15 16 17 18 19 20 | 20.5
Unarmed Combat | 1 2 |  2.5
Stealth        | 1 2 3 |  3.4
Maces & Flails | 1 5 8 9 |  9.9
Throwing       | 1 2 3 |  3.6

Action                   |  1- 3 |  4- 6 |  7- 9 | 10-12 | 13-15 | 16-18 | 19-21 | 22-24 | 25-27 || total
-------------------------+-------+-------+-------+-------+-------+-------+-------+-------+-------++-------
Melee: War axe           |   106 |   260 |    35 |    97 |       |       |       |       |       ||   498
       Tailslap          |     7 |    26 |    84 |   236 |   327 |   224 |   247 |   286 |   313 ||  1750
       Hand axe          |       |       |   372 |   936 |   162 |     9 |       |       |       ||  1479
       Unarmed           |       |       |       |    15 |       |       |    32 |    19 |       ||    66
       Flail             |       |       |       |     7 |       |       |       |       |       ||     7
       Demon whip        |       |       |       |       |  1042 |   130 |       |    14 |       ||  1186
       Broad axe         |       |       |       |       |   359 |   994 |  1076 |  1440 |  1355 ||  5224
       Headbutt          |       |       |       |       |    77 |   302 |   317 |   401 |   402 ||  1499
       Punch             |       |       |       |       |       |       |       |       |     5 ||     5
Throw: Stone             |     2 |     5 |     4 |       |       |       |       |       |       ||    11
       Dart              |       |       |       |     7 |    11 |       |       |       |       ||    18
       Boomerang         |       |       |       |       |       |       |    28 |    24 |    14 ||    66
Invok: Heroism           |       |       |     1 |     6 |    10 |    14 |    11 |     8 |    21 ||    71
       Finesse           |       |       |       |     1 |     2 |     5 |     1 |     5 |    13 ||    27
 Abil: Rolling Charge    |     9 |    23 |    34 |    68 |    91 |   130 |    72 |   160 |   119 ||   706
       Evoke Berserk Rag |       |       |       |     1 |       |       |       |       |       ||     1
       Evoke Flight      |       |       |       |       |       |     1 |       |     3 |       ||     4
Evoke: Wand              |       |       |       |     1 |     2 |     1 |     1 |     9 |     4 ||    18
       Phial of floods   |       |       |       |       |       |       |       |     1 |     1 ||     2
       Tin of tremorston |       |       |       |       |       |       |       |     1 |     2 ||     3
       Condenser vane    |       |       |       |       |       |       |       |       |     3 ||     3
  Use: Scroll            |       |     1 |     9 |    10 |    11 |    19 |    16 |    14 |    24 ||   104
       Potion            |       |     1 |     3 |     1 |     9 |     1 |     4 |     1 |    17 ||    37
 Stab: Confused          |       |       |       |     2 |       |       |     2 |       |       ||     4
       Sleeping          |       |       |       |       |     2 |       |       |       |       ||     2
       Held in net/web   |       |       |       |       |       |     1 |       |     1 |       ||     2
       Distracted        |       |       |       |       |       |     1 |     3 |     1 |       ||     5
Armor: Plate armour      |   115 |   230 |   211 |    41 |       |       |       |       |       ||   597
       Chain mail        |       |       |       |   338 |   786 |   966 |   402 |   426 |   503 ||  3421
       Skin              |       |       |       |     2 |    48 |       |       |       |       ||    50
Dodge: Dodged            |     8 |    29 |    39 |   162 |   337 |   310 |   127 |   185 |   250 ||  1447
       Repelled          |       |       |       |       |       |     7 |     4 |    13 |    20 ||    44
Block: Kite shield       |    73 |   178 |   230 |   455 |   940 |   758 |       |       |       ||  2634
       Reflection        |       |       |       |       |       |    75 |   136 |   181 |    39 ||   431
       Tower shield      |       |       |       |       |       |   340 |  1199 |  1516 |  1350 ||  4405
       Other             |       |       |       |       |       |       |       |       |    28 ||    28
